 Dungeon Crawl Stone Soup version 0.23.2-1-ga50397a6bc (webtiles) character file.

Game seed: 4648221591708104300

1 MisterOstroum the Vexing (level 1, 0/13 HPs)
             Began as a Formicid Enchanter on May 24, 2019.
             Slain by a jackal (3 damage)
             ... on level 1 of the Dungeon.
             The game lasted 00:00:26 (26 turns).

MisterOstroum the Vexing (Formicid Enchanter)         Turns: 26, Time: 00:00:27

Health: 0/13       AC:  2    Str: 12    XL:     1   Next: 22%
Magic:  1/3        EV: 12    Int: 14    God:
Gold:   0          SH:  0    Dex: 11    Spells: 3/4 levels left

rFire    . . .     SeeInvis +   a - +1 dagger
rCold    . . .     Gourm    .   (no shield)
rNeg     . . .     Faith    .   b - +0 robe
rPois    .         Spirit   .   (helmet unavailable)
rElec    .         Reflect  .   (no cloak)
rCorr    .         Harm     .   (no gloves)
MR       .....                  (no boots)
Stlth    ++........             (no amulet)
HPRegen  0.04/turn              (no ring)
MPRegen  0.08/turn              (no ring)

@: no status effects
A: permanent stasis, dig shafts and tunnels, four strong arms, antennae 3
a: Dig, Shaft Self


You were on level 1 of the Dungeon.
You were not hungry.

You visited 1 branch of the dungeon, and saw 1 of its levels.

Inventory:

Hand Weapons
 a - a +1 dagger (weapon)
Missiles
 c - 14 stones (quivered)
Armour
 b - a +0 robe (worn)
Comestibles
 e - a ration


   Skills:
 + Level 0.2 Fighting
 + Level 1.1 Short Blades
 - Level 1.7 Dodging
 - Level 3.6 Stealth
 - Level 2.1 Spellcasting
 - Level 3.6 Hexes


You had 3 spell levels left.
You knew the following spells:

 Your Spells              Type           Power        Failure   Level  Hunger
a - Corona                Hex            ##.....      5%          1    #......

Your spell library contained the following spells:

 Spells                   Type           Power        Failure   Level  Hunger
 Confuse                  Hex            ##......     16%         3    ###....
 Tukima's Dance           Hex            ##......     16%         3    ###....
 Ensorcelled Hibernation  Hex/Ice        #.....       17%         2    ###....
 Dazzling Spray           Conj/Hex       #.....       32%         3    ###....


Dungeon Overview and Level Annotations

Branches:
Dungeon (1/15)

Altars:


Innate Abilities, Weirdness & Mutations

You cannot be hasted, slowed, berserked, paralysed or teleported.
You can dig through walls and to a lower floor.
Your four strong arms can wield two-handed weapons with a shield.
You have a pair of large antennae on your head. (SInv)


Message History

e - a ration Welcome, MisterOstroum the Formicid Enchanter.
Will you be the one to retrieve the fabulous Orb of Zot from the depths?
Press ? for a list of commands and other information.
Found 15 stones.
Found a staircase leading out of the dungeon.
Adjust (i)tems, (s)pells, or (a)bilities?
Huh?
You enter the shallow water.
Moving in this stuff is going to be slow.
c - 15 stones You open the large door.
You sense a monster nearby.
There is a large open door here. 2 jackals come into view.
The jackal barks! x2
A jackal comes into view.
Throwing (i - inventory)
c - 15 stones (quivered)
Press: ? - help, Shift-Dir - straight line, f - jackal
Aim: a jackal You throw a stone.
The stone misses the jackal.
The jackal barks!
You hear a bark!
A jackal comes into view.
There is a large open door here.
Casting: Corona (safe; 5% risk of failure)
Confirm with . or Enter, or press ? or * to list all spells.
Aiming: Corona (safe; 5% risk of failure)
Press: ? - help, Shift-Dir - straight line, f - jackal
Aim: a jackal (chance to defeat MR: 64%)
The jackal is outlined in light.
You hit the jackal but do no damage. The jackal bites you.
The jackal bites you but does no damage.
You hit the jackal but do no damage. The jackal bites you.
The jackal barely misses you. The jackal bites you.
The jackal barks!
You hit the jackal.
The jackal is heavily wounded.
The jackal closely misses you. The jackal bites you. x2
* * * LOW HITPOINT WARNING * * *
You hit the jackal.
You kill the jackal!
The jackal bites you but does no damage.
The jackal closely misses you.
Casting: Corona (safe; 5% risk of failure)
Confirm with . or Enter, or press ? or * to list all spells.
Aiming: Corona (safe; 5% risk of failure)
Press: ? - help, Shift-Dir - straight line, f - jackal
Aim: a jackal (chance to defeat MR: 64%)
The jackal is outlined in light.
The jackal misses you.
You hit the jackal.
The jackal is moderately wounded.
The jackal barely misses you. x2
You hit the jackal but do no damage.
The jackal is moderately wounded.
The jackal bites you.
* * * LOW HITPOINT WARNING * * *
The jackal bites you but does no damage.
The jackal barely misses you.
The jackal splashes around in the water.
The jackal misses you. The jackal bites you.
You die...

#.......{(....#
#..# #.#
#######.##...#
.........h...#
#..###''######
#.8.......≈≈##
##.≈≈≈≈≈≈..≈≈#
#≈≈≈...≈≈hh≈#
#≈≈..≈..≈h@≈#
#≈..≈≈≈.≈≈.≈#
#≈.≈≈.<.≈≈.≈#
#≈.≈≈.≈≈≈..≈#
#≈.≈≈..≈..≈≈# {
#≈..≈≈...≈≈≈#
#≈≈..≈≈≈≈≈≈.#
##≈≈.......8..
#####++###...


You could see 3 jackals.

Vanquished Creatures
  A jackal (D:1)
1 creature vanquished.

Notes
Turn   | Place    | Note
-------+----------+-------------------------------------------
     0 | D:1      | MisterOstroum the Formicid Enchanter began the quest for
                  | the Orb.
     0 | D:1      | Reached XP level 1. HP: 13/13 MP: 3/3
    26 | D:1      | Slain by a jackal

Action                   || total
-------------------------++-------
Melee: Dagger            ||     6
Throw: Stone             ||     1
 Cast: Corona            ||     2
Armor: Robe              ||     3
Dodge: Dodged            ||     8
